Map: Pilares de oro EE

Players

MrFercho

  • Race: Zerg Zerg
  • League: Silver
  • Spawn Location: 1:00

MaverickNGV - Winner!

  • Race: Protoss Protoss
  • League: Silver
  • Spawn Location: 7:00

VOD

Have the link to the VOD?

Description

Time

  • Played on: July 7, 2020, 1:24 p.m.
  • Length: 7:15
Show
View Real Time Build Order
Export as new Build Order

MrFercho Zerg 

Build Orders: Hatch First 

Get SALT Encoding   

  12  0:01  Drone  
  13  0:13  Overlord  
  13  0:18  Drone  
  14  0:31  Drone x2  
  16  0:53  Hatchery  
  16  0:54  Drone  
  16  1:15  Spawning Pool, Drone  
  16  1:16  Drone  
  17  1:20  Drone  
  18  1:26  Drone  
  18  1:30  Extractor  
  18  1:37  Drone  
  19  1:48  Overlord  
  19  2:00  Drone  
  20  2:03  Queen  
  22  2:10  Queen  
  22  2:11  Drone x2  
  26  2:19  Drone  
  26  2:21  Drone  
  28  2:28  Drone  
  29  2:32  Overlord  
  29  2:41  Drone x2  
  31  3:01  Queen  
  31  3:05  Lair  
  33  3:08  Zergling x8  
  33  3:12  Drone  
  38  3:13  Roach Warren  
  37  3:20  Metabolic Boost  
  37  3:21  Drone  
  37  3:22  Drone  
  38  3:53  Spine Crawler  
  38  3:55  Spine Crawler  
  36  4:00  Roach x3  
  42  4:04  Overlord x3  
  42  4:08  Drone  
  43  4:21  Queen  
  45  4:26  Roach x5  
  52  4:35  Roach  
  46  4:49  Spine Crawler  
  46  4:50  Spine Crawler  
  38  4:54  Roach  
  38  4:55  Roach  
  28  5:09  Roach  
  27  5:17  Drone  
  27  5:18  Drone x6  
  28  5:37  Extractor  
  28  5:39  Spine Crawler  
  28  5:42  Spine Crawler  
  21  5:48  Queen  
  23  5:57  Hydralisk Den  
  22  6:04  Zergling x6  
  22  6:05  Roach Warren  
  22  6:29  Drone x2  
  21  6:42  Hydralisk x3  
Show
View Real Time Build Order
Export as new Build Order

MaverickNGV Protoss - Winner!

Build Orders:  

Get SALT Encoding   

  1  0:00  Probe  
  12  0:06  Probe  
  14  0:16  Probe  
  15  0:26  Pylon  
  15  0:32  Assimilator  
  15  0:44  Probe  
  15  0:49  Pylon  
  16  0:56  Probe  
  17  1:08  Probe  
  18  1:11  Gateway  
  18  1:16  Gateway  
  18  1:26  Gateway  
  18  1:47  Gateway  
  18  2:02  Pylon  
  18  2:10  Forge  
  18  2:15  Zealot  
  18  2:16  Zealot x2  
  24  2:28  Zealot  
  24  2:33  Zealot  
  26  2:43  Zealot x2  
  32  2:52  Zealot  
  34  3:00  Zealot  
  34  3:05  Pylon  
  36  3:08  Probe  
  36  3:10  Zealot  
  39  3:14  Zealot  
  39  3:23  Probe  
  42  3:29  Zealot  
  44  3:34  Zealot  
  44  3:35  Probe  
  47  3:45  Cybernetics Core  
  47  3:55  Photon Cannon  
  47  4:08  Photon Cannon  
  47  4:32  Zealot  
  47  4:34  Zealot  
  47  4:37  Zealot  
  43  4:57  Zealot  
  43  4:59  Zealot  
  43  5:01  Zealot  
  43  5:04  Zealot  
  43  5:24  Zealot  
  43  5:26  Zealot  
  47  5:36  Pylon  
  47  5:39  Pylon  
  47  5:54  Zealot x3  
  53  5:57  Zealot  
  53  6:21  Zealot x2  
  49  6:29  Zealot x2  
Tags
 
Matchup
PvZ
Replay Pack
MrFercho
Spawn Locations
Cross Positions
Add a new tag
Caveats
  • Supply blocks, unpowered buildings, or Contaminate may cause inaccurate times.
  • Supply counts are checked every 10 seconds.